 Dungeon Crawl Stone Soup version 0.27.1-2-g3b301248ec (webtiles) character file.

Game seed: 4379133017192230619

17 Descartes the Grasshopper (level 2, -1/14 HPs)
             Began as a Spriggan Warper on Sept 24, 2021.
             Slain by a quokka (4 damage)
             ... on level 1 of the Dungeon.
             The game lasted 00:01:01 (707 turns).

Descartes the Grasshopper (Spriggan Warper)          Turns: 707, Time: 00:01:02

Health: -1/14      AC:  2    Str:  7    XL:     2   Next: 44%
Magic:  6/6        EV: 18    Int: 14    God:
Gold:   7          SH:  0    Dex: 14    Spells: 6/6 levels left

rFire    . . .     SeeInvis +   a - +0 short sword
rCold    . . .     Faith    .   (shield restricted)
rNeg     . . .     Spirit   .   b - +0 robe
rPois    .         Reflect  .   (helmet restricted)
rElec    .         Harm     .   (no cloak)
rCorr    .         Rampage  .   (gloves unavailable)
Will     .....                  (boots unavailable)
Stlth    ++........             (no amulet)
HPRegen  0.04/turn              (no ring)
MPRegen  0.10/turn              (no ring)

@: very quick
A: very small, no large weapons, unfitting armour, see invisible, speed 3
a: no special abilities


You were on level 1 of the Dungeon.
You visited 1 branch of the dungeon, and saw 1 of its levels.

You collected 7 gold pieces.

Inventory:

Hand Weapons
 a - a +0 short sword (weapon)
Missiles
 d - 5 boomerangs of dispersal (quivered)
 f - 17 stones
 g - 21 poisoned darts
 k - 8 boomerangs
Armour
 b - a +0 robe (worn)
Scrolls
 c - a scroll of blinking
 e - a scroll of noise {unknown}
 h - a scroll of magic mapping {unknown}
 j - a scroll of identify {unknown}
 l - a scroll of amnesia {unknown}
 m - a scroll of enchant weapon {unknown}
Potions
 i - a potion of ambrosia {unknown}


   Skills:
 - Level 1.5 Fighting
 - Level 2.1 Short Blades
 - Level 1.0 Throwing
 + Level 3.6 Dodging
 + Level 1.8 Stealth
 - Level 2.6 Spellcasting
 + Level 4.9 Translocations


You had 6 spell levels left.
You didn't know any spells.
Your spell library contained the following spells:

 Spells                   Type           Power      Damage    Failure   Level
 Blink                    Tloc           N/A        N/A       4%          2
 Gell's Gravitas          Tloc           7%         N/A       9%          3
 Lesser Beckoning         Tloc           7%         N/A       9%          3
 Teleport Other           Tloc           15%        N/A       9%          3
 Manifold Assault         Tloc           15%        N/A       63%         5


Dungeon Overview and Level Annotations

Branches:
Dungeon (1/15)

Altars:


Innate Abilities, Weirdness & Mutations

You are very small and have problems with some larger weapons.
You are too small for most types of armour.
You have supernaturally acute eyesight. (SInv)
You cover ground extremely quickly. (Speed+++)


Message History

The hobgoblin barely misses you.
You hit the hobgoblin.
The hobgoblin is severely wounded.
The hobgoblin closely misses you.
You closely miss the hobgoblin.
The hobgoblin is severely wounded.
The hobgoblin misses you.
You hit the hobgoblin.
The hobgoblin is almost dead.
The hobgoblin closely misses you.
The rat twitches its whiskers.
You barely miss the hobgoblin.
The hobgoblin is almost dead.
The hobgoblin hits you but does no damage.
You closely miss the hobgoblin.
The hobgoblin is almost dead.
The hobgoblin completely misses you.
You hit the hobgoblin.
You kill the hobgoblin!
You hit the ball python.
The ball python is severely wounded.
The ball python closely misses you. The ball python misses you.
You hit the ball python.
You kill the ball python!
You hit the frilled lizard but do no damage.
The frilled lizard completely misses you.
You hit the frilled lizard.
You kill the frilled lizard!
You closely miss the rat. The rat closely misses you.
You hit the rat.
The rat is heavily wounded.
The rat bites you.
* * * LOW HITPOINT WARNING * * *
You hit the rat.
You kill the rat!
You hit the quokka but do no damage. The quokka closely misses you.
You hit the quokka.
The quokka is almost dead.
The quokka bites you.
You die...

........#
#.####..#####
#####.### ###.#####
#.##........# #.#
#.#######.##....###.#
#.#
#.............†..##.#
#.#
#########.###...###.#
#.# #.......#
#.#######.# ######.##
#.........# #.#
########### #@# #r#
#w# ####.#####
#w.......#
..=..♣†.♣.#...# ...
≈≈≈≈≈.≈≈♣.# .
...≈≈≈≈≈≈≈≈P#
..P.≈.≈≈≈≈.≈≈..


You could see a dart slug and a quokka.

Vanquished Creatures
  An endoplasm (D:1)
  3 giant cockroaches (D:1)
  5 hobgoblins (D:1)
  2 ball pythons (D:1)
  A frilled lizard (D:1)
  A kobold (D:1)
  2 rats (D:1)
15 creatures vanquished.

Notes
Turn   | Place    | Note
-------+----------+-------------------------------------------
     0 | D:1      | Descartes the Spriggan Warper began the quest for the Orb.
     0 | D:1      | Reached XP level 1. HP: 10/10 MP: 5/5
   294 | D:1      | Reached skill level 1 in Stealth
   507 | D:1      | Reached XP level 2. HP: 10/14 MP: 6/6
   707 | D:1      | Slain by a quokka

Illustrated notes

Levels and vault maps discovered:
D:1:      dpeg_arrival_stone_temple_mockup, layout_loops_corners, serial_shops,
          nicolae_lakefront_shop, serial_bayou, serial_bayou_pond_b,
          serial_bayou_pond_b, serial_bayou_shore_a, serial_bayou_pond_a,
          minmay_worlds_worst_comb

Skill      XL: |  1 |
---------------+----+-----
Stealth        | 1 |  1.8
Fighting       | |  1.5
Short Blades   | |  2.1
Throwing       | |  1.0
Dodging        | |  3.6
Spellcasting   | |  2.6
Translocations | |  4.9

Action                   || total
-------------------------++-------
Melee: Short sword       ||    69
 Stab: Sleeping          ||     2
Armor: Robe              ||     7
Dodge: Dodged            ||    52
